 Dungeon Crawl Stone Soup version 0.22-a0-460-g49b1da7e92 (webtiles) character file.

114 PikkenKukken the Firebug (level 4, 0/39 HPs)
             Began as an Ogre Fire Elementalist on June 9, 2018.
             Slain by a leopard gecko (2 damage)
             ... on level 2 of the Dungeon.
             The game lasted 00:07:40 (1766 turns).

PikkenKukken the Firebug (Ogre Fire Elementalist)   Turns: 1766, Time: 00:07:40

Health: 0/39       AC:  4    Str: 12    XL:     4   Next: 97%
Magic:  1/9        EV: 10    Int: 17    God:
Gold:   145        SH:  3    Dex:  9    Spells: 3/9 levels left

rFire    . . .     SeeInvis .   d - +0 hunting sling (velocity)
rCold    . . .     Gourm    .   (no shield)
rNeg     . . .     Faith    .   a - +1 robe
rPois    .         Spirit   .   (helmet restricted)
rElec    .         Reflect  +   (no cloak)
rCorr    .         Harm     .   (gloves unavailable)
MR       .....                  (boots unavailable)
Stlth    +.........             f - +3 amulet of reflection
HPRegen  0.13/turn              (no ring)
MPRegen  0.11/turn              (no ring)

@: no status effects
A: large, unfitting armour, tough skin 1
a: no special abilities


You were on level 2 of the Dungeon.
You were not hungry.

You visited 1 branch of the dungeon, and saw 3 of its levels.

You collected 145 gold pieces.

Inventory:

Hand Weapons
 d - a +0 hunting sling of velocity (weapon)
Missiles
 e - 3 sling bullets (quivered)
Armour
 a - a +1 robe (worn)
 b - a cursed +0 robe
 j - a +2 pair of gloves
Jewellery
 f - a +3 amulet of reflection (around neck)
Wands
 m - a wand of flame (27)
Scrolls
 g - a scroll of enchant armour
 i - 2 scrolls of enchant weapon
 k - a scroll of teleportation
 l - a scroll of identify
Potions
 n - a potion of agility
Comestibles
 c - 5 rations
 h - 2 chunks of flesh


   Skills:
 + Level 0.2 Fighting
 + Level 0.8 Slings
 + Level 2.2 Dodging
 + Level 1.5 Stealth
 + Level 3.4 Spellcasting
 + Level 1.8 Conjurations
 + Level 3.5 Fire Magic


You had 3 spell levels left.
You knew the following spells:

 Your Spells              Type           Power        Failure   Level  Hunger
a - Flame Tongue          Conj/Fire      ##...        5%          1    None
b - Throw Flame           Conj/Fire      ##....       9%          2    ##.....
c - Inner Flame           Hex/Fire       #.......     24%         3    ###....

Your spell library contained the following spells:

 Spells                   Type           Power        Failure   Level  Hunger
 Fireball                 Conj/Fire      ##........   83%         5    ######.
 Conjure Flame            Conj/Fire      ##......     17%         3    ###....
 Sticky Flame             Conj/Fire      ##......     50%         4    ####...


Dungeon Overview and Level Annotations

Branches:
Dungeon (3/15)

Altars:

Annotations:
D:2 Sigmund
D:3 NoiZ's ghost, amateur DECj


Innate Abilities, Weirdness & Mutations

You are too large for most types of armour.
You have tough skin. (AC +1)


Message History

Press: ? - help, Shift-Dir - straight line, f/p - leopard gecko
Aim: a leopard gecko (severely wounded, clinging)
The flame tongue hits the leopard gecko.
The leopard gecko is almost dead.
The leopard gecko bites you but does no damage.
Firing (i - inventory)
e - 5 sling bullets (quivered)
Press: ? - help, Shift-Dir - straight line, f/p - leopard gecko
Aim: a leopard gecko (almost dead, clinging)
You shoot a sling bullet.
The sling bullet barely misses the leopard gecko.
The leopard gecko bites you but does no damage.
Unknown command.
Firing (i - inventory)
e - 4 sling bullets (quivered)
Press: ? - help, Shift-Dir - straight line, f/p - leopard gecko
Aim: a leopard gecko (almost dead, clinging)
You shoot a sling bullet.
The sling bullet barely misses the leopard gecko.
The leopard gecko bites you but does no damage.
The leopard gecko bites you.
You die...

#....######..##..
####.### #.#####
#...####.# ##
###....#.# #.
####...# ##.
#..####.>
############......#
#....(.....(.#..###
#.@l########.##....
###.....####.######
#####......# #
####...######
#.#.......
##.###.....
#..###.####
##.##...#...
###.....###.##


You could see a leopard gecko.

Vanquished Creatures
  Jessica (D:2)
  5 adders
  An ooze (D:1)
  2 dart slugs (D:1)
  A leopard gecko (D:1)
  2 orcs
  2 ball pythons
  4 bats (D:1)
  A giant cockroach (D:2)
  A goblin (D:2)
  3 hobgoblins
  4 kobolds
  A quokka (D:2)
  3 frilled lizards
  4 rats
35 creatures vanquished.

Notes
Turn   | Place    | Note
-------+----------+-------------------------------------------
     0 | D:1      | PikkenKukken the Ogre Fire Elementalist began the quest for the Orb.
     0 | D:1      | Reached XP level 1. HP: 16/16 MP: 3/3
   131 | D:1      | Reached XP level 2. HP: 24/24 MP: 2/5
   188 | D:1      | Learned a level 2 spell: Throw Flame
   225 | D:1      | Reached skill level 1 in Conjurations
   430 | D:1      | Reached XP level 3. HP: 31/31 MP: 4/7
  1075 | D:2      | Learned a level 3 spell: Inner Flame
  1163 | D:2      | Noticed Jessica
  1165 | D:2      | Killed Jessica
  1165 | D:2      | Reached XP level 4. HP: 38/39 MP: 1/9
  1470 | D:2      | Noticed Sigmund
  1727 | D:3      | Noticed NoiZ's ghost (amateur DECj)
  1761 | D:2      | HP: 1/39 [leopard gecko (4)]
  1766 | D:2      | Slain by a leopard gecko

Vault maps used:
D:1:      eino_arrival_water_star, hangedman_decor_lopped, minmay_tall_x
D:2:      first_ration, dk_noncrumbling_2, uniq_sigmund, uniq_jessica

Skill      XL: |  1  2 |
---------------+-------+-----
Fire Magic     | 3 |  3.5
Dodging        | 2 |  2.2
Conjurations   | 1 |  1.8
Spellcasting   | 3 |  3.4
Fighting       | |  0.2
Slings         | |  0.8
Stealth        | |  1.5

Action                   |  1- 3 |  4- 6 || total
-------------------------+-------+-------++-------
Melee: Hunting sling     |       |     1 ||     1
 Fire: Hunting sling     |    12 |    13 ||    25
 Cast: Flame Tongue      |    26 |    28 ||    54
       Throw Flame       |     3 |     8 ||    11
  Use: Potion            |     4 |       ||     4
       Scroll            |     5 |     2 ||     7
  Eat: Chunk             |     1 |     2 ||     3
Armor: Robe              |     4 |     9 ||    13
Dodge: Dodged            |     9 |    12 ||    21
Block: Other             |     1 |       ||     1

Table legend:
 A = Spawn XP
 B = Non-spawn XP
 C = Spawn XP percentage of total XP
 D = Spawn monster count
 E = Non-spawn monster count
 F = Spawn count percentage of total count
 G = Total turns spent on level
                    A         B        C        D         E        F      G
               +---------+---------+-------+---------+---------+-------+---------
         Total |       0 |     163 |   0.0 |       0 |      35 |   0.0 |  1766
               +---------+---------+-------+---------+---------+-------+---------
           D:1 |       0 |      38 |   0.0 |       0 |      17 |   0.0 |  1001
           D:2 |       0 |     108 |   0.0 |       0 |      15 |   0.0 |   720
           D:3 |       0 |      17 |   0.0 |       0 |       3 |   0.0 |    45
               +---------+---------+-------+---------+---------+-------+---------
